[Event "Titled Tuesday Blitz March 08 Late 2022"]
[White "Djordjevic, Vuk"]
[Black "Rabineau, Clement"]
[WhiteFideId "902098"]
[BlackFideId "628891"]
[WhiteElo "2710"]
[BlackElo "2396"]
[Result "1-0"]
[Round "01"]
[TimeControl "180+1"]
[Date "2022.03.09"]
[WhiteClock "0:01:10"]
[BlackClock "0:00:34"]

1. d4 d6 2. Bg5 h6 3. Bh4 g5 4. Bg3 Bg7 5. e3 c5 6. c3 Nc6 7. Bd3 Qb6 8. Qc2 Nf6 9. Nd2 cxd4 10. exd4 Nh5 11. Ne2 Be6 12. Nc4 Bxc4 13. Bxc4 Na5 14. Qa4+ Kf8 15. Bd3 Rc8 16. O-O a6 17. b4 Nc6 18. b5 axb5 19. Bxb5 Kg8 20. Rab1 Qc7 21. Bd3 Na5 22. Rb5 Nc6 23. Rfb1 Nd8 24. Rc5 Qb8 25. Qd7 Nc6 26. Rxc6 1-0


[Site "https://www.chess.com"]

[Event "Titled Tuesday Blitz March 08 Late 2022"]
[White "Dolzhykova, Kateryna"]
[Black "Ibarra Jerez, Jose Carlos"]
[WhiteFideId "14113414"]
[BlackFideId "2226332"]
[WhiteElo "2184"]
[BlackElo "2626"]
[Result "0-1"]
[Round "01"]
[TimeControl "180+1"]
[Date "2022.03.08"]
[WhiteClock "0:00:02"]
[BlackClock "0:01:11"]

1. e4 c5 2. Nf3 e6 3. d3 Nc6 4. Nbd2 g6 5. g3 Bg7 6. Bg2 Nge7 7. O-O O-O 8. Re1 d5 9. e5 Qc7 10. Qe2 g5 11. h3 h6 12. c3 b6 13. Nf1 Ng6 14. d4 cxd4 15. cxd4 Nb4 16. Rd1 Ba6 17. Qd2 Nc6 18. a3 Na5 19. Ne3 Nb3 20. Qb4 Nxa1 21. Bd2 Nc2 22. Nxc2 Qxc2 23. Rc1 Qd3 24. Rc3 Qb5 25. Qd6 Rfd8 26. Qc7 Rdc8 27. Qd6 Bf8 0-1


[Site "https://www.chess.com"]

[Event "Titled Tuesday Blitz March 08 Late 2022"]
[White "Dounis, Alexandros"]
[Black "Dubov, Daniil"]
[WhiteFideId "4213238"]
[BlackFideId "24126055"]
[WhiteElo "2204"]
[BlackElo "2791"]
[Result "0-1"]
[Round "01"]
[TimeControl "180+1"]
[Date "2022.03.08"]
[WhiteClock "0:00:17"]
[BlackClock "0:01:12"]

1. Nf3 Nf6 2. g3 b6 3. Bg2 Bb7 4. O-O c5 5. c4 g6 6. Nc3 Bg7 7. d4 cxd4 8. Qxd4 d6 9. Rd1 Nbd7 10. Be3 Rc8 11. Rac1 O-O 12. Qh4 h5 13. b3 a6 14. h3 Rc7 15. g4 hxg4 16. hxg4 Qa8 17. Nd5 Nxd5 18. cxd5 Rxc1 19. Rxc1 Nf6 20. Bxb6 Rc8 21. Rxc8+ Qxc8 22. g5 Nxd5 23. Bd4 e5 24. Ba7 Nf4 25. Be3 Nxg2 26. Kxg2 d5 27. Bb6 d4 28. e4 Qc2 29. Bd8 Bxe4 30. Bf6 Qc6 31. Qg3 Bxf6 32. gxf6 Qxf6 33. a4 d3 0-1


[Site "https://www.chess.com"]

[Event "Titled Tuesday Blitz March 08 Late 2022"]
[White "Erdogdu, Mert"]
[Black "Bibasa, Bob"]
[WhiteFideId "6301495"]
[BlackFideId "10000240"]
[WhiteElo "2703"]
[BlackElo "2384"]
[Result "1-0"]
[Round "01"]
[TimeControl "180+1"]
[Date "2022.03.09"]
[WhiteClock "0:00:19"]
[BlackClock "0:00:17"]

1. e4 c5 2. Nf3 d6 3. d4 cxd4 4. Nxd4 Nf6 5. Nc3 a6 6. Be3 e5 7. Nb3 Be6 8. f3 Be7 9. Qd2 h5 10. O-O-O Nbd7 11. Kb1 Rc8 12. Bd3 b5 13. h3 h4 14. Rhe1 O-O 15. f4 b4 16. Nd5 Bxd5 17. exd5 a5 18. fxe5 Nxe5 19. Nd4 Nxd5 20. Nf5 Nxe3 21. Qxe3 Bg5 22. Qe4 Nxd3 23. Qxd3 Bf4 24. Ne7+ Kh8 25. Qf5 Bh6 26. Nxc8 Qxc8 27. Qxc8 Rxc8 28. Rxd6 Rc5 29. Re2 a4 30. Rd4 Rf5 31. Re1 b3 32. cxb3 axb3 33. axb3 Rf2 34. Rxh4 Rxg2 35. b4 Rg5 36. Rc4 Rb5 37. Rf1 f5 38. Rc5 Rxb4 39. Rcxf5 Kh7 40. R5f3 Bg5 41. b3 Bf6 42. Kc2 Kg6 43. Rg1+ Kf7 44. Rg4 Rb7 45. Rc4 Re7 46. b4 Re2+ 47. Kb3 Rb2+ 48. Ka4 Ra2+ 49. Ra3 Rb2 50. b5 Ke6 51. Rc6+ Kd7 52. Rd3+ Ke7 53. b6 Ra2+ 54. Kb5 Rb2+ 55. Ka6 Ra2+ 56. Kb7 Ke8 57. Re6+ Kf7 58. Re4 Be7 59. Rd7 Kf6 60. Rexe7 g5 61. Re3 Kf5 62. Rd4 Ra5 63. Red3 Rb5 64. Rd5+ Rxd5 65. Rxd5+ 1-0


[Site "https://www.chess.com"]

[Event "Titled Tuesday Blitz March 08 Late 2022"]
[White "Estrada Nieto, Julian"]
[Black "Bacrot, Etienne"]
[WhiteFideId "5101018"]
[BlackFideId "605506"]
[WhiteElo "2246"]
[BlackElo "2673"]
[Result "0-1"]
[Round "01"]
[TimeControl "180+1"]
[Date "2022.03.08"]
[WhiteClock "0:00:01"]
[BlackClock "0:00:41"]

1. e4 c5 2. Nf3 Nc6 3. Bb5 g6 4. Bxc6 bxc6 5. O-O Bg7 6. Re1 Nh6 7. c3 c4 8. Na3 d5 9. exd5 cxd5 10. Ne5 Bxe5 11. Rxe5 O-O 12. d3 Ng4 13. Re1 Qd6 14. g3 cxd3 15. Qxd3 Qf6 16. Qe2 h5 17. h3 Ba6 18. c4 dxc4 19. hxg4 c3 20. Qc2 Rac8 21. g5 Qf3 22. Re3 cxb2 23. Qxb2 Qd1+ 24. Kh2 Rfd8 25. Rxe7 h4 26. Qf6 hxg3+ 27. Kxg3 Qg1+ 28. Kf3 Qd1+ 29. Kg2 Qg4+ 30. Kh2 Qh4+ 31. Kg2 Bf1+ 32. Kxf1 Qh3+ 33. Kg1 Rd1+ 0-1


[Site "https://www.chess.com"]

[Event "Titled Tuesday Blitz March 08 Late 2022"]
[White "Fajdetic, Hrvoje"]
[Black "Cori T., Deysi"]
[WhiteFideId "14501945"]
[BlackFideId "3801934"]
[WhiteElo "2172"]
[BlackElo "2341"]
[Result "0-1"]
[Round "01"]
[TimeControl "180+1"]
[Date "2022.03.09"]
[WhiteClock "0:00:14"]
[BlackClock "0:01:17"]

1. d4 Nf6 2. Bf4 e6 3. e3 c5 4. Nd2 d5 5. Ngf3 Bd6 6. Bg3 O-O 7. c3 Nc6 8. Ne5 Ne8 9. f4 f6 10. Nef3 Qe7 11. Bb5 Bd7 12. O-O a6 13. Bxc6 Bxc6 14. Bh4 Qc7 15. Qe2 g6 16. Bg3 Ng7 17. Bf2 e5 18. fxe5 fxe5 19. Bg3 exd4 20. Bxd6 Qxd6 21. exd4 Rae8 22. Qf2 cxd4 23. Qxd4 Nf5 24. Qb6 Rf6 25. Rfe1 Ref8 26. Rad1 Qf4 27. Nb3 d4 28. Nfxd4 Ne3 29. Nf3 Nxd1 0-1


[Site "https://www.chess.com"]

[Event "Titled Tuesday Blitz March 08 Late 2022"]
[White "Fernandez Siles, Luis"]
[Black "Wieczorek, Oskar"]
[WhiteFideId "2209420"]
[BlackFideId "1133950"]
[WhiteElo "2346"]
[BlackElo "2661"]
[Result "1/2-1/2"]
[Round "01"]
[TimeControl "180+1"]
[Date "2022.03.09"]
[WhiteClock "0:00:22"]
[BlackClock "0:00:15"]

1. e4 c5 2. Nf3 g6 3. d4 cxd4 4. Nxd4 Nc6 5. c4 Nf6 6. Nc3 d6 7. Be2 Nxd4 8. Qxd4 Bg7 9. Bg5 O-O 10. Qd2 Be6 11. f3 a6 12. Rc1 Rc8 13. b3 Qa5 14. Nd5 Qxd2+ 15. Kxd2 Rfe8 16. Nxf6+ Bxf6 17. Bxf6 exf6 18. g4 Kf8 19. h4 Ke7 20. h5 g5 21. Ke3 h6 22. Rhd1 Rc6 23. Rd3 b5 24. Rdc3 b4 25. R3c2 a5 26. Kd4 Ra8 27. c5 dxc5+ 28. Rxc5 Rxc5 29. Rxc5 a4 30. Bc4 Rd8+ 31. Bd5 axb3 32. axb3 Rb8 33. Kc4 Kd6 34. Rb5 Rc8+ 35. Kd4 Rc3 36. Rb6+ Kc7 37. Rxb4 Rxf3 38. Rb7+ Kd6 39. b4 Bxd5 40. exd5 Rf4+ 41. Kc3 Rxg4 42. Rxf7 Rf4 43. Rh7 Kxd5 44. Rxh6 Rf3+ 45. Kb2 Kc4 46. Rg6 Kxb4 47. h6 Rf2+ 48. Kc1 Kc4 49. h7 Rh2 50. Rxf6 Rxh7 51. Kd2 Kd4 52. Rg6 Rh5 53. Ke2 Ke4 54. Kf2 Kf5 55. Rg8 Rh7 56. Ra8 Rb7 57. Ra1 Rb2+ 58. Kg1 Rb3 59. Rc1 Kg4 60. Rd1 Kg3 61. Rc1 g4 62. Rd1 Kh3 63. Re1 Rf3 64. Rd1 Kg3 65. Rc1 Kf4 66. Rb1 Re3 67. Ra1 Kf3 68. Rf1+ Ke2 69. Ra1 Rd3 70. Ra2+ Kf3 71. Ra1 Rd2 72. Rf1+ Kg3 73. Ra1 Rc2 74. Rb1 Rc3 75. Ra1 Kf3 76. Rb1 g3 77. Ra1 Re3 78. Rb1 Re2 79. Ra1 Kg4 80. Rb1 Kh3 81. Ra1 Rg2+ 82. Kh1 Rh2+ 83. Kg1 Rf2 84. Rb1 Rg2+ 85. Kh1 Ra2 86. Kg1 Kg4 87. Rc1 Kf3 88. Rf1+ Kg4 89. Rb1 Ra8 90. Rc1 Re8 91. Rb1 Re2 92. Rc1 Kh3 93. Rb1 Rg2+ 94. Kh1 Rh2+ 95. Kg1 Rc2 96. Ra1 g2 97. Ra3+ Kg4 98. Ra4+ Kf3 99. Ra3+ Ke4 100. Rg3 Kf4 101. Rxg2 Rxg2+ 102. Kxg2 1/2-1/2


[Site "https://www.chess.com"]

[Event "Titled Tuesday Blitz March 08 Late 2022"]
[White "Fiorito, Fabian"]
[Black "Rorrer, Grayson"]
[WhiteFideId "100200"]
[BlackFideId "30944996"]
[WhiteElo "2417"]
[BlackElo "2735"]
[Result "1-0"]
[Round "01"]
[TimeControl "180+1"]
[Date "2022.03.09"]
[WhiteClock "0:01:20"]
[BlackClock "0:00:05"]

1. d4 Nf6 2. Nc3 d5 3. Bf4 c5 4. e4 Nxe4 5. Bb5+ Nc6 6. Nxe4 dxe4 7. Ne2 Bg4 8. Bxc6+ bxc6 9. dxc5 Qa5+ 10. c3 Qxc5 11. h3 Bh5 12. O-O e6 13. Qc2 Bg6 14. Be3 Qa5 15. Nf4 Be7 16. Nxg6 hxg6 17. Qxe4 Qd5 18. Qa4 O-O 19. Rad1 Qf5 20. Rd7 Bc5 21. Qxc6 Bxe3 22. fxe3 Qe5 23. Rdxf7 Qxe3+ 24. Kh1 Rac8 25. Qd7 Qe5 26. Qxa7 Ra8 27. Rxf8+ Rxf8 28. Rxf8+ Kxf8 29. Qf2+ Ke7 30. a4 Qd5 31. Kh2 Qc4 32. Qa7+ Kf8 33. Qb8+ Kf7 34. Qb4 Qc7+ 35. g3 g5 36. Qd4 Qb7 37. b4 Qf3 38. Qd2 e5 39. a5 e4 40. a6 e3 41. Qe1 e2 42. a7 Qf1 43. Qxf1+ exf1=Q 44. a8=Q Qc4 45. Qf3+ Kg6 46. Kg2 Qa2+ 47. Qf2 Qc4 48. Qd2 Qe4+ 49. Kh2 Qc4 50. Qe3 Kh7 51. g4 Kg6 52. Kg3 Qc7+ 53. Kf3 Qf7+ 54. Ke2 Qa2+ 55. Kd3 Qd5+ 56. Qd4 Qf3+ 57. Kc4 Qc6+ 58. Qc5 Qe4+ 59. Kb5 Qb7+ 60. Qb6+ 1-0


[Site "https://www.chess.com"]

[Event "Titled Tuesday Blitz March 08 Late 2022"]
[White "Garagulya, Konstantin"]
[Black "Sanal, Vahap"]
[WhiteFideId "4128931"]
[BlackFideId "6300545"]
[WhiteElo "2329"]
[BlackElo "2603"]
[Result "0-1"]
[Round "01"]
[TimeControl "180+1"]
[Date "2022.03.08"]
[WhiteClock "0:00:07"]
[BlackClock "0:00:31"]

1. d4 d5 2. Nf3 c6 3. c4 Nf6 4. Qc2 dxc4 5. Qxc4 Bf5 6. e3 e6 7. Bd3 Bxd3 8. Qxd3 Be7 9. O-O O-O 10. Rd1 c5 11. Qe2 Nc6 12. dxc5 Qa5 13. a3 Qxc5 14. b4 Qh5 15. Bb2 a5 16. b5 Nb8 17. a4 Nbd7 18. Nbd2 Nc5 19. Nc4 Nd5 20. h3 Ne4 21. Qd3 Nc5 22. Qe2 h6 23. Kf1 Ne4 24. Qd3 Nc5 25. Qe2 Rfd8 26. Bd4 Nb3 27. Qb2 Nxa1 28. Bxg7 f6 29. e4 Kxg7 30. exd5 Rxd5 31. Rxa1 Rad8 32. Ne3 Rd3 33. Rc1 Bc5 34. Ng4 Qf5 35. Rxc5 Rd1+ 36. Ne1 Qd3+ 37. Qe2 Rxe1+ 38. Kxe1 Qb1+ 0-1


[Site "https://www.chess.com"]

[Event "Titled Tuesday Blitz March 08 Late 2022"]
[White "Golubev, Mikhail"]
[Black "Prohorov, Olexandr"]
[WhiteFideId "14100983"]
[BlackFideId "14105578"]
[WhiteElo "2374"]
[BlackElo "1993"]
[Result "0-1"]
[Round "01"]
[TimeControl "180+1"]
[Date "2022.03.09"]
[WhiteClock "0:00:06"]
[BlackClock "0:00:36"]

1. e4 c5 2. Nf3 e6 3. d4 cxd4 4. Nxd4 Qb6 5. Nc3 Bc5 6. Be3 Nf6 7. a3 Nc6 8. Na4 Qa5+ 9. b4 Qxa4 10. bxc5 Nxe4 11. Nb5 Qa5+ 12. c3 O-O 13. Qd3 f5 14. f3 Nf6 15. Nd6 b6 16. Be2 bxc5 17. O-O Nd5 18. Bd2 Qc7 19. Nxc8 Raxc8 20. c4 Nb6 21. Bc3 Nd4 22. Bxd4 cxd4 23. Qxd4 Qc5 24. Qxc5 Rxc5 25. Rfd1 Rfc8 26. a4 a5 27. Rdb1 Nxc4 28. Rb7 R8c7 29. Rb8+ Kf7 30. Rd1 d5 31. Kf2 Ne5 32. Rdb1 Rc2 33. R1b7 Nd3+ 34. Ke3 Nc1 35. Rxc7+ Rxc7 36. Bb5 g5 37. Kd4 Nb3+ 38. Ke5 d4 39. Be8+ Ke7 40. Bb5 Rc5# 0-1


[Site "https://www.chess.com"]

[Event "Titled Tuesday Blitz March 08 Late 2022"]
[White "Golubka, Petro"]
[Black "Gaisinsky, Adam"]
[WhiteFideId "14114224"]
[BlackFideId "2620561"]
[WhiteElo "2701"]
[BlackElo "2378"]
[Result "1/2-1/2"]
[Round "01"]
[TimeControl "180+1"]
[Date "2022.03.09"]
[WhiteClock "0:00:55"]
[BlackClock "0:00:06"]

1. e4 e5 2. Bb5 Nf6 3. d3 c6 4. Ba4 Bc5 5. f4 d5 6. fxe5 Nxe4 7. dxe4 Qh4+ 8. Kd2 Qxe4 9. Qf3 Qxa4 10. Nc3 Qd4+ 11. Ke1 Qxe5+ 12. Nge2 O-O 13. Bf4 Qf6 14. Qg3 Nd7 15. Rf1 Qg6 16. Kd2 Qxg3 17. Nxg3 Nf6 18. h3 Re8 19. a3 Bb6 20. Na4 Be6 21. Nxb6 axb6 22. Bc7 b5 23. Rae1 Rac8 24. Be5 Nd7 25. Bf4 Nb6 26. b3 Ra8 27. Bd6 Nc8 28. Bb4 b6 29. Ra1 c5 30. Bc3 d4 31. Bb2 Nd6 32. Rf2 Bd5 33. Re1 Rxe1 34. Kxe1 Re8+ 35. Kf1 f6 36. Bc1 Ne4 37. Nxe4 Rxe4 38. Bf4 Kf7 39. h4 Ke6 40. g3 c4 41. Re2 Rxe2 42. Kxe2 cxb3 43. cxb3 Bxb3 44. Bc7 Kd5 45. Bxb6 Ke4 46. Ba5 Bc4+ 47. Kf2 h5 48. Bb4 g6 49. Be7 f5 50. Bg5 Kd3 51. Ke1 Kc2 52. Bf6 d3 53. Bg5 Kb2 54. Be7 Kb3 55. Kd2 Kb2 56. Bf8 Kb3 57. Be7 Kb2 58. Bf8 Kb3 59. Be7 1/2-1/2


[Site "https://www.chess.com"]

[Event "Titled Tuesday Blitz March 08 Late 2022"]
[White "Griffith, Kyron"]
[Black "Petersson, Kjell"]
[WhiteFideId "2046318"]
[BlackFideId "1705148"]
[WhiteElo "2232"]
[BlackElo "2009"]
[Result "1-0"]
[Round "01"]
[TimeControl "180+1"]
[Date "2022.03.09"]
[WhiteClock "0:00:14"]
[BlackClock "0:00:01"]

1. e4 c5 2. Nf3 d6 3. d4 cxd4 4. Nxd4 Nf6 5. Nc3 g6 6. Be2 Bg7 7. O-O Nc6 8. Nb3 O-O 9. Be3 Be6 10. f4 Rc8 11. Bf3 a6 12. Qe2 b5 13. Rfd1 Nd7 14. a3 Na5 15. Nxa5 Qxa5 16. Bd4 Bc4 17. Qd2 Nf6 18. Nd5 Qd8 19. Nxf6+ exf6 20. f5 d5 21. Qf4 dxe4 22. Bxe4 Qc7 23. Qg4 Rcd8 24. c3 Rfe8 25. Re1 Qc8 26. h4 Bd5 27. Bd3 Bc4 28. Bc2 Bd5 29. a4 b4 30. h5 bxc3 31. bxc3 g5 32. h6 Bh8 33. Rad1 Bc4 34. Qf3 Rxe1+ 35. Rxe1 Ba2 36. Bd3 Qd7 37. a5 Qd6 38. Qe3 Qd7 39. Qe7 Qxe7 40. Rxe7 Kf8 41. Ra7 1-0


[Site "https://www.chess.com"]

[Event "Titled Tuesday Blitz March 08 Late 2022"]
[White "Gulecyuz, Deniz"]
[Black "Rasulov, Vugar"]
[WhiteFideId "30921341"]
[BlackFideId "13402390"]
[WhiteElo "1923"]
[BlackElo "2560"]
[Result "0-1"]
[Round "01"]
[TimeControl "180+1"]
[Date "2022.03.09"]
[WhiteClock "0:00:13"]
[BlackClock "0:01:51"]

1. Nf3 Nf6 2. g3 b6 3. Bg2 Bb7 4. c4 g6 5. Nc3 Bg7 6. O-O O-O 7. d4 d5 8. Re1 c6 9. Ne5 Nbd7 10. Nxd7 Qxd7 11. Qa4 dxc4 12. Qxc4 b5 13. Qc5 Rfd8 14. e3 e6 15. Bd2 a5 16. Rac1 h6 17. Ne4 Nd5 18. Qc2 Qe7 19. Nc5 Bc8 20. Red1 e5 21. Be1 exd4 22. exd4 Bg4 23. Rd2 h5 24. h3 Bf5 25. Qd1 Bh6 26. Re2 Qf6 27. Bd2 Bg7 28. Bxd5 Rxd5 29. Bf4 Rxd4 30. Qf1 Rxf4 31. gxf4 Qh4 32. Re3 Qxf4 33. Qg2 Bd4 34. Rec3 Bxc3 35. Rxc3 Re8 36. Qg3 Re1+ 37. Kg2 Qd4 38. Qb8+ Kh7 39. Qg3 b4 40. Rc2 Bxc2 0-1


[Site "https://www.chess.com"]

[Event "Titled Tuesday Blitz March 08 Late 2022"]
[White "Hamitevici, Vladimir"]
[Black "Corallo, Michael"]
[WhiteFideId "13902393"]
[BlackFideId "2024152"]
[WhiteElo "2359"]
[BlackElo "2150"]
[Result "0-1"]
[Round "01"]
[TimeControl "180+1"]
[Date "2022.03.09"]
[WhiteClock "0:00:10"]
[BlackClock "0:00:08"]

1. Nf3 Nf6 2. d4 e6 3. Bf4 b6 4. Nbd2 Bb7 5. h3 g6 6. e3 Bg7 7. a4 a5 8. Be2 O-O 9. O-O d6 10. Bh2 Nbd7 11. c3 Ne4 12. Nc4 Qe7 13. Qc2 f5 14. Rfd1 g5 15. Nfd2 Ndf6 16. b4 g4 17. hxg4 fxg4 18. Bd3 Nxf2 19. Kxf2 g3+ 20. Bxg3 Ne4+ 21. Kg1 Nxg3 22. Nf1 Qg5 23. e4 axb4 24. e5 dxe5 25. Bxh7+ Kh8 26. Qg6 Qxg6 27. Bxg6 Ne2+ 28. Kh2 Rf6 29. Bh5 Rh6 30. g4 Nf4 31. Ng3 bxc3 32. Nxe5 Bxe5 33. dxe5 Rg8 34. Kg1 Nxh5 35. Nxh5 Rxg4+ 36. Kf2 Rxh5 37. Ke3 Rf5 38. Rd7 Rf3+ 39. Ke2 Rg2+ 40. Ke1 Rg1+ 0-1


[Site "https://www.chess.com"]

[Event "Titled Tuesday Blitz March 08 Late 2022"]
[White "Hollan, Martin"]
[Black "Curtis, John"]
[WhiteFideId "360937"]
[BlackFideId "3200256"]
[WhiteElo "2468"]
[BlackElo "2203"]
[Result "1-0"]
[Round "01"]
[TimeControl "180+1"]
[Date "2022.03.09"]
[WhiteClock "0:00:18"]
[BlackClock "0:00:01"]

1. e4 c5 2. Nf3 d6 3. d4 cxd4 4. Nxd4 Nf6 5. Nc3 e5 6. Nb3 Be6 7. Bg5 Nbd7 8. Nd5 Bxd5 9. exd5 Be7 10. h4 a6 11. c4 Rc8 12. Rc1 Nc5 13. Nxc5 dxc5 14. b3 O-O 15. Bd3 Ne8 16. Qh5 f5 17. Bxe7 Qxe7 18. Bxf5 g6 19. Bxg6 hxg6 20. Qxg6+ Ng7 21. h5 Qf6 22. Qxf6 Rxf6 23. Rc3 Ne8 24. Rg3+ Kh7 25. Rg5 e4 26. Re5 Nd6 27. Re7+ Rf7 28. Rxf7+ Nxf7 29. Rh4 Nd6 30. Rf4 Rd8 31. g4 Kh6 32. Rf6+ Kg5 33. Rg6+ Kf4 34. Rg7 b5 35. cxb5 axb5 36. h6 c4 37. h7 Rh8 38. bxc4 bxc4 39. a4 e3 40. fxe3+ Kxe3 41. g5 Ne4 42. g6 Rb8 43. Kf1 c3 44. Rc7 Kd4 45. g7 Nc5 46. h8=Q c2 47. g8=Q+ Ke3 48. Qc3+ 1-0


[Site "https://www.chess.com"]

[Event "Titled Tuesday Blitz March 08 Late 2022"]
[White "Holt, Conrad"]
[Black "Gracia Alvarez, Gerardo Antonio"]
[WhiteFideId "2034387"]
[BlackFideId "5109124"]
[WhiteElo "2586"]
[BlackElo "2139"]
[Result "1-0"]
[Round "01"]
[TimeControl "180+1"]
[Date "2022.03.08"]
[WhiteClock "0:00:16"]
[BlackClock "0:00:12"]

1. d4 Nf6 2. c4 c5 3. d5 b5 4. Nf3 g6 5. Nfd2 Bg7 6. e4 d6 7. cxb5 a6 8. Nc3 O-O 9. a4 e6 10. Be2 exd5 11. exd5 Bb7 12. O-O Nxd5 13. Nxd5 Bxd5 14. Nc4 Bxc4 15. Bxc4 axb5 16. Bxb5 d5 17. Qf3 Na6 18. Bc6 Rb8 19. Bxd5 Bxb2 20. Rb1 Bg7 21. Rxb8 Qxb8 22. Bf4 Be5 23. Bh6 Bg7 24. Bxg7 Kxg7 25. Bc4 Nb4 26. Qc3+ Kg8 27. a5 Qc7 28. a6 Ra8 29. Qf6 Qd7 30. h4 h5 31. Qxg6+ 1-0


[Site "https://www.chess.com"]

[Event "Titled Tuesday Blitz March 08 Late 2022"]
[White "Ishbaev, Alibek"]
[Black "Maltsevskaya, Aleksandra"]
[WhiteFideId "14205017"]
[BlackFideId "24174041"]
[WhiteElo "2312"]
[BlackElo "2241"]
[Result "1-0"]
[Round "01"]
[TimeControl "180+1"]
[Date "2022.03.09"]
[WhiteClock "0:00:03"]
[BlackClock "0:00:10"]

1. c4 Nf6 2. Nc3 g6 3. e4 Bg7 4. g3 d6 5. Bg2 O-O 6. Nge2 e5 7. O-O Nbd7 8. d3 a6 9. h3 Rb8 10. Be3 b5 11. Qd2 b4 12. Nd1 c5 13. Bh6 a5 14. Bxg7 Kxg7 15. Ne3 a4 16. f4 a3 17. b3 Bb7 18. Rf2 Ne8 19. f5 f6 20. h4 Rh8 21. Raf1 Qe7 22. g4 Bc6 23. Bh3 Rb7 24. g5 fxg5 25. f6+ Ndxf6 26. hxg5 Nh5 27. Nd5 Bxd5 28. cxd5 h6 29. Be6 Qxg5+ 30. Qxg5 hxg5 31. Rf7+ Rxf7 32. Rxf7+ Kh6 33. Bd7 Nef6 34. Kf2 c4 35. dxc4 Nxe4+ 36. Ke3 Nc5 37. Bg4 Nf4 38. Ng3 Nxb3 39. axb3 Ra8 40. Ne4 Nh5 41. Rf1 a2 42. Ra1 Nf4 43. Nf2 Ra3 44. Bd1 g4 45. Nxg4+ Kg5 46. Nf2 Kf6 47. Nd3 Nxd3 48. Kxd3 Kf5 49. c5 dxc5 50. Kc4 e4 51. Kxc5 e3 52. d6 Ke6 53. Bg4+ Kf7 54. d7 Ke7 55. Kxb4 Ra8 56. Kc3 e2 57. Bxe2 Kxd7 58. Kb2 Re8 59. Bb5+ Kd6 60. Bxe8 Ke7 61. Bxg6 1-0


[Site "https://www.chess.com"]

[Event "Titled Tuesday Blitz March 08 Late 2022"]
[White "Iskusnyh, Sergei"]
[Black "Kujawski, Adam"]
[WhiteFideId "4120027"]
[BlackFideId "1100920"]
[WhiteElo "2634"]
[BlackElo "2324"]
[Result "0-1"]
[Round "01"]
[TimeControl "180+1"]
[Date "2022.03.09"]
[WhiteClock "0:00:03"]
[BlackClock "0:00:37"]

1. d4 Nf6 2. c4 e6 3. g3 c5 4. Nf3 cxd4 5. Nxd4 d5 6. Bg2 e5 7. Nf3 d4 8. O-O Nc6 9. e3 Bc5 10. exd4 exd4 11. Bg5 h6 12. Bxf6 Qxf6 13. Nbd2 O-O 14. Ne4 Qe7 15. Re1 Be6 16. Rc1 Bb4 17. Re2 Rfd8 18. Qd3 Bg4 19. a3 Bxf3 20. Qxf3 Ba5 21. b4 Bc7 22. Nc5 Qg5 23. Rd1 Ne5 24. Qxb7 d3 25. Re4 Qh5 26. f3 Bd6 27. g4 Qh4 28. Qa6 d2 29. Nb7 Nxf3+ 0-1


[Site "https://www.chess.com"]

[Event "Titled Tuesday Blitz March 08 Late 2022"]
[White "Jacobson, Aaron"]
[Black "Dias, Joao Batista"]
[WhiteFideId "2089912"]
[BlackFideId "2108240"]
[WhiteElo "2265"]
[BlackElo "1898"]
[Result "1-0"]
[Round "01"]
[TimeControl "180+1"]
[Date "2022.03.09"]
[WhiteClock "0:00:12"]
[BlackClock "0:00:06"]

1. e4 e5 2. d4 exd4 3. Qxd4 Nc6 4. Qd3 Nge7 5. Nc3 d6 6. Bf4 Be6 7. O-O-O g6 8. f3 Bg7 9. Qd2 O-O 10. Bh6 a6 11. h4 f6 12. h5 g5 13. Bxg7 Kxg7 14. h6+ Kg8 15. Nge2 b5 16. f4 Bc4 17. fxg5 Ng6 18. gxf6 Qxf6 19. Nd5 Qf7 20. Nd4 Bxd5 21. exd5 Nxd4 22. Qxd4 Rae8 23. Bd3 Qf4+ 24. Qxf4 Nxf4 25. Bf1 Re5 26. c4 bxc4 27. Bxc4 a5 28. g3 Ng2 29. Rd4 Ne3 30. Bb3 Rf2 31. Re1 Nc4 32. Red1 Ne3 33. Re1 Nc4 34. Rde4 Rxe4 35. Rxe4 Rf1+ 36. Kc2 Nb6 37. Rg4+ Kf8 38. a4 Rf2+ 39. Kb1 Rf6 40. Rg7 Rxh6 41. Rxc7 Rh3 42. Rb7 1-0


[Site "https://www.chess.com"]

[Event "Titled Tuesday Blitz March 08 Late 2022"]
[White "Jaferian, Koosha"]
[Black "Osmonbekov, Talaibek"]
[WhiteFideId "12507440"]
[BlackFideId "2017253"]
[WhiteElo "2030"]
[BlackElo "2135"]
[Result "1-0"]
[Round "01"]
[TimeControl "180+1"]
[Date "2022.03.09"]
[WhiteClock "0:01:51"]
[BlackClock "0:00:02"]

1. Nf3 f5 2. b3 Nf6 3. Bb2 d6 4. d4 e6 5. g3 Be7 6. Bg2 O-O 7. O-O a5 8. c4 Qe8 9. Nbd2 Bd8 10. Ne1 e5 11. e3 Na6 12. dxe5 dxe5 13. Nd3 e4 14. Nf4 g5 15. Ne2 Nb4 16. Nd4 Nd3 17. Bc3 g4 18. Ne2 c6 19. Nf4 Ne5 20. Qc2 Bc7 21. Qb2 Nfd7 22. Rfd1 Nc5 23. Nf1 Ncd3 24. Nxd3 Nxd3 25. Qc2 Be5 26. a3 Bxc3 27. Qxc3 Qe5 28. Qc2 Be6 29. Nd2 Rfd8 30. Bf1 Rd7 31. Ra2 Rad8 32. Nb1 Nc5 33. Rxd7 Rxd7 34. Nc3 Qd6 35. b4 axb4 36. axb4 Na6 37. b5 Nb4 38. Ra8+ Kf7 39. Qb2 c5 40. Nd5 Bxd5 41. cxd5 1-0


[Site "https://www.chess.com"]

[Event "Titled Tuesday Blitz March 08 Late 2022"]
[White "Johnson, Donald"]
[Black "Melkumyan, Hrant"]
[WhiteFideId "30949122"]
[BlackFideId "13302485"]
[WhiteElo "1724"]
[BlackElo "2604"]
[Result "0-1"]
[Round "01"]
[TimeControl "180+1"]
[Date "2022.03.08"]
[WhiteClock "0:00:08"]
[BlackClock "0:00:20"]

1. e4 c6 2. d4 d5 3. e5 Bf5 4. Nf3 e6 5. Be2 Ne7 6. O-O Bg6 7. Nh4 c5 8. c3 Nbc6 9. Nxg6 hxg6 10. Be3 Nf5 11. Na3 Qh4 12. h3 cxd4 13. cxd4 Nfxd4 14. Nb5 Nxb5 15. Bxb5 Be7 16. Rc1 O-O 17. Bxc6 bxc6 18. Rxc6 a5 19. Qd4 Qxd4 20. Bxd4 Rfb8 21. Rfc1 a4 22. Rc7 Bf8 23. Ra7 Bb4 24. Rcc7 Rxa7 25. Rxa7 a3 26. b3 Rc8 27. Ra4 Rc1+ 28. Kh2 Be7 29. b4 Rc4 30. Be3 Bxb4 31. Ra8+ Kh7 32. Ra7 d4 33. Bf4 d3 34. Kg3 d2 35. Rd7 Rc2 36. Kf3 Rxa2 37. Rd4 Rb2 38. Bxd2 Bxd2 39. Ra4 a2 40. g3 Bb4 41. h4 Rb3+ 42. Ke2 Ra3 43. Rxb4 a1=Q 44. Re4 Qb1 45. Rf4 Qd3+ 46. Ke1 Ra1# 0-1


[Site "https://www.chess.com"]

[Event "Titled Tuesday Blitz March 08 Late 2022"]
[White "Kaganskiy, Gleb"]
[Black "Domingo Nunez, Alejandro"]
[WhiteFideId "4132025"]
[BlackFideId "22245561"]
[WhiteElo "2165"]
[BlackElo "2215"]
[Result "0-1"]
[Round "01"]
[TimeControl "180+1"]
[Date "2022.03.09"]
[WhiteClock "0:00:36"]
[BlackClock "0:00:27"]

1. e4 c6 2. d4 g6 3. Nc3 Bg7 4. f4 d5 5. e5 f6 6. Nf3 fxe5 7. fxe5 Nh6 8. Be2 O-O 9. O-O c5 10. dxc5 e6 11. Be3 Nc6 12. Nb5 Ng4 13. Bg5 Qa5 14. Bd2 Qd8 15. Bg5 Qd7 16. Qd2 b6 17. Nd6 bxc5 18. c4 d4 19. Ne4 h6 20. Bh4 Ne3 21. Nxc5 Qc7 22. Rfe1 Nxe5 23. Nxe5 Qxe5 24. Nd3 Qe4 25. Bf3 Rxf3 26. gxf3 Qxh4 27. Rxe3 dxe3 28. Qe2 Bb7 29. Rf1 Rf8 30. Kh1 Qg4 31. Ne1 Qf4 32. Ng2 Bxf3 33. Rxf3 Qxf3 34. Qxf3 Rxf3 35. Kg1 e2 36. Ne1 Rf1+ 37. Kg2 Rxe1 38. Kh3 Rg1 39. Kh4 e1=Q+ 40. Kh3 Qf1+ 41. Kh4 Bf6# 0-1


[Site "https://www.chess.com"]